 Dungeon Crawl Stone Soup version 0.29.1-1-gd02db6906a (webtiles) character file.

Game seed: 13685013427412901139

678 sentinel the Chiller (level 8, 0/57 HPs)
             Began as a Meteoran Earth Elementalist on Oct 3, 2022.
             Killed by divine providence
             ... invoked by an orc priest
              (9 damage)
             ... on level 5 of the Dungeon on Oct 4, 2022.
             The game lasted 00:06:27 (710 turns).

sentinel the Chiller (Meteoran Earth Elementalist)   Turns: 710, Time: 00:06:28

Health: 0/57       AC:  4    Str:  9    XL:     8   Next: 14%
Magic:  2/13       EV: 12    Int: 19    God:
Gold:   0          SH:  0    Dex: 15    Spells: 6/12 levels left

rFire   . . .      SeeInvis .   (no weapon)
rCold   . . .      Faith    .   (no shield)
rNeg    . . .      Spirit   .   a - +1 robe
rPois   .          Reflect  .   (no helmet)
rElec   .          Harm     .   (no cloak)
rCorr   .          Rampage  .   (no gloves)
Will    +....                   h - +0 pair of boots
Stlth   +.........              (no amulet)
HPRegen 0.19/turn               (no ring)
MPRegen 0.13/turn               (no ring)

@: glowing
A: sense surroundings 1, otherworldly, glowing, explore regen
a: no special abilities


You were on level 5 of the Dungeon.
You visited 1 branch of the dungeon, and saw 6 of its levels.

Inventory:

Missiles
 c - 6 boomerangs
Armour
 a - a +1 robe (worn)
 h - a +0 pair of boots (worn)
Scrolls
 g - a scroll of fog {unknown}
 i - a scroll of amnesia
 k - a scroll of identify {unknown}
Potions
 b - a potion of magic
 d - a potion of haste {unknown}
 e - 2 potions of ambrosia {unknown}
 f - a potion of heal wounds {unknown}
 j - 2 potions of might {unknown}


   Skills:
 - Level 2.4 Dodging
 - Level 1.4 Stealth
 - Level 2.6 Spellcasting
 - Level 5.0 Conjurations
 - Level 1.2 Transmutations
 + Level 6.3 Ice Magic
 - Level 5.2 Earth Magic


You had 6 spell levels left.
You knew the following spells:

 Your Spells              Type           Power      Damage    Failure   Level
a - Sandblast             Erth           44%        2d11      1%          1
b - Stone Arrow           Conj/Erth      44%        3d9       6%          3
c - Passwall              Tmut/Erth      11%        N/A       6%          2

Your spell library contained the following spells:

 Spells                   Type           Power      Damage    Failure   Level
 Magic Dart               Conj           84%        1d7       1%          1
 Ozocubu's Armour         Ice            26%        N/A       3%          3
 Necrotise                Necr           8%         1d4       16%         1
 Call Imp                 Summ           2%         N/A       24%         2
 Mephitic Cloud           Conj/Pois/Air  8%         N/A       24%         3
 Petrify                  Tmut/Erth      14%        N/A       38%         4
 Vampiric Draining        Necr           2%         2d6       43%         3
 Metabolic Englaciation   Hex/Ice        7%         N/A       75%         5
 Agony                    Necr           2%         N/A       99%         5
 Simulacrum               Ice/Necr       7%         N/A       100%        6


Dungeon Overview and Level Annotations

Branches:
Dungeon (6/15) Zot: 2828
 Temple: D:4-7

Altars:


Innate Abilities, Weirdness & Mutations

You passively map a small area around you.
You are easily found by Zot.
You glow in the dark.
You regain HP and MP as you explore.


Message History

Found a short sword.
Your magical contamination has completely faded away.
You open the door.
A phantom comes into view.
Found a stone staircase leading down.
There is an open door here.
The blast of sand hits the phantom.
The phantom is lightly damaged.
The blast of sand hits the phantom.
The phantom is moderately damaged.
The phantom hits you.
The phantom blinks!
You blink.
The blast of sand hits the phantom!
The phantom is severely damaged.
The phantom hits you. x2
The blast of sand hits the phantom.
The phantom is almost destroyed.
The phantom hits you.
The phantom blinks!
You blink.
Found a viscous dark potion.
The blast of sand hits the phantom.
The phantom is almost destroyed.
The phantom hits you.
The phantom blinks!
You blink.
The phantom hits you.
The phantom blinks!
You blink.
The blast of sand hits the phantom!
You destroy the phantom!
Your Ice Magic skill increases to level 5!
You can't see any susceptible monsters within range! (Use Z to cast anyway.)
e - 2 viscous dark potions (gained 1)
Casting: Sandblast (safe; 1% risk of failure)
Confirm with . or Enter, or press ? or * to list all spells.
Aiming: Passwall (safe; 6% risk of failure)
Press: ? - help, Dir - move target, f - you Please select a wall.
Okay, then.
There is an open door, spattered with blood here.
There is a stone staircase leading down here.
You climb downwards.
HP restored.
The iguana hisses angrily.
The orc shouts! x2; You hear a shout! x2
Found a lumpy black potion, 13 gold pieces and 6 stones.
There is a stone staircase leading up here.
The blast of sand hits the orc!
You kill the orc!
The orc warrior shouts!
An orc comes into view. It is wielding a +0 hand axe.
An orc wizard comes into view. It is wielding a +0 dagger.
The blast of sand hits the iguana!
The iguana is heavily wounded.
The orc wizard gestures wildly while chanting.
The orc wizard flickers and vanishes!
Deactivating autopickup; reactivate with Ctrl-A.
Casting: Sandblast (safe; 1% risk of failure)
Confirm with . or Enter, or press ? or * to list all spells.
Aiming: Stone Arrow (dangerous; 6% risk of failure)
Press: ? - help, Shift-Dir - straight line, f/p - iguana
Aim: an iguana (heavily wounded, 75% to hit)
You miscast Stone Arrow.
You are very lightly contaminated with residual magic.
Nothing appears to happen.
The iguana misses you. The orc hits you but does no damage.
You are poisoned.
The iguana barely misses you.
You climb upwards.
Reactivating autopickup.
You feel very sick.
There is a stone staircase leading down here.
Casting: Stone Arrow (dangerous; 6% risk of failure)
Confirm with . or Enter, or press ? or * to list all spells.
Aiming: Stone Arrow (dangerous; 6% risk of failure)
Press: ? - help, Shift-Dir - straight line, f - iguana
Aim: an iguana (heavily wounded, 75% to hit)
The stone arrow hits the iguana!
You kill the iguana!
You feel sick. The orc barely misses you.
The blast of sand hits the orc!
You kill the orc!
You feel sick.
You feel sick.
Really walk into that teleport trap?
You enter a teleport trap!
The teleport trap disappears.
Your surroundings suddenly seem different.
A water moccasin comes into view.
You feel sick.
The water moccasin hisses angrily.
Your magical contamination has completely faded away.
The blast of sand hits the water moccasin!
The water moccasin is heavily wounded.
You feel sick. The water moccasin bites you.
You are more poisoned.
The water moccasin poisons you! The water moccasin bites you.
The blast of sand hits the water moccasin.
The water moccasin is severely wounded.
You feel very sick. The water moccasin bites you.
You are lethally poisoned!
The water moccasin poisons you!
The water moccasin bites you but does no damage.
The blast of sand hits the water moccasin!
You kill the water moccasin!
You feel extremely sick.
Your Ice Magic skill increases to level 6!
You have reached level 8!
You feel very sick.
You feel very sick.
You feel very sick.
You feel sick.
You feel sick.
Found a scroll labelled YTIOL PODWYJI.
You feel sick.
You feel sick.
You feel sick.
k - a scroll labelled YTIOL PODWYJI You feel sick.
You feel sick.
HP warning!
You feel sick.
You are no longer poisoned.
HP warning!
An orc wizard comes into view. It is wielding a +0 dagger.
The orc wizard shouts!
You hear a shout!
An orc comes into view. It is wielding a +0 short sword.
An orc comes into view. It is wielding a +0 club.
The orc shouts! x2
Casting: Sandblast (safe; 1% risk of failure)
Confirm with . or Enter, or press ? or * to list all spells.
Aiming: Stone Arrow (dangerous; 6% risk of failure)
Press: ? - help, Shift-Dir - straight line, f - orc wizard
Aim: an orc wizard, wielding a +0 dagger and wearing a +0 robe (64% to hit)
The stone arrow hits the orc wizard!
The orc wizard is severely wounded.
An orc priest comes into view. It is wielding a +0 short sword.
The blast of sand hits the orc wizard.
You kill the orc wizard!
The blast of sand hits the orc!
You kill the orc!
The blast of sand hits the orc but does no damage.
The blast of sand hits the orc but does no damage.
The orc misses you. The orc hits you but does no damage.
The blast of sand hits the orc but does no damage.
The orc hits you with a +0 club.
The blast of sand hits the orc.
The orc is moderately wounded.
The orc priest calls down the wrath of Beogh upon you.
Beogh smites you! The orc hits you with a +0 club. x2
Casting: Sandblast (safe; 1% risk of failure)
Confirm with . or Enter, or press ? or * to list all spells.
Aiming: Stone Arrow (dangerous; 6% risk of failure)
Press: ? - help, Shift-Dir - straight line, f/p - orc
Aim: an orc, wielding a +0 club and wearing a +0 chain mail (moderately wounded, 79% to hit)
The stone arrow hits the orc!!
You kill the orc!
The orc priest calls down the wrath of Beogh upon you.
Beogh smites you!
You die...

#.# #.#####.####*
#. ,
#.###.#........##.
#.......#.........
,
#####.####...####.#
* ,* * *#.#
##.......# , ,,
,..# #.####### *
#### #.# #.# #@#
#)# #o# #)# #.# ,
** ... ,> ** , #.#
* * ... ,


You could see an orc priest.

Vanquished Creatures
  A water moccasin (D:5)
  An ogre (D:5)
  A phantom (D:5)
  2 hounds (D:4)
  Jessica (D:2)
  3 iguanas
  Natasha (twice) (D:4)
  5 orc wizards
  A gnoll (D:3)
  An adder (D:4)
  A white imp (D:5)
  An ufetubus (D:5)
  A worm (D:4)
  11 orcs
  8 ball pythons
  2 endoplasms (D:4)
  A giant cockroach (D:4)
  6 goblins
  2 hobgoblins
  4 kobolds
  2 bats
  A frilled lizard (D:2)
58 creatures vanquished.

Notes
Turn   | Place    | Note
-------+----------+-------------------------------------------
     0 | D:1      | sentinel the Meteoran Earth Elementalist began the quest
                  | for the Orb.
     0 | D:1      | Reached XP level 1. HP: 14/14 MP: 5/5
    93 | D:2      | Reached XP level 2. HP: 20/20 MP: 1/6
    95 | D:2      | Noticed Jessica
   119 | D:2      | Killed Jessica
   120 | D:2      | Reached skill level 5 in Earth Magic
   120 | D:2      | Reached XP level 3. HP: 18/26 MP: 1/8
   150 | D:2      | Learned a level 2 spell: Passwall
   154 | D:2      | Learned a level 3 spell: Stone Arrow
   194 | D:2      | Reached XP level 4. HP: 31/33 MP: 6/9
   204 | D:2      | Reached skill level 1 in Conjurations
   252 | D:4      | Noticed a wight
   253 | D:4      | Noticed a wight
   254 | D:4      | Noticed a centaur
   258 | D:4      | Noticed a wight
   262 | D:4      | Reached XP level 5. HP: 32/38 MP: 7/10
   366 | D:4      | Reached XP level 6. HP: 12/45 MP: 0/11
   419 | D:4      | Reached skill level 5 in Conjurations
   425 | D:4      | Noticed Natasha
   427 | D:4      | Killed Natasha
   428 | D:4      | Reached skill level 1 in Ice Magic
   432 | D:4      | Noticed Natasha
   437 | D:4      | Killed Natasha
   438 | D:4      | Reached skill level 2 in Ice Magic
   463 | D:5      | Entered Level 5 of the Dungeon
   512 | D:5      | Noticed an ogre
   537 | D:5      | Killed an ogre
   538 | D:5      | Reached skill level 3 in Ice Magic
   538 | D:5      | Reached XP level 7. HP: 13/50 MP: 2/12
   538 | D:5      | HP: 1/50 [iguana (3)]
   599 | D:5      | Reached skill level 4 in Ice Magic
   645 | D:5      | Reached skill level 5 in Ice Magic
   676 | D:5      | Noticed a water moccasin
   679 | D:5      | Killed a water moccasin
   680 | D:5      | Reached skill level 6 in Ice Magic
   680 | D:5      | Reached XP level 8. HP: 18/57 MP: 5/13
   710 | D:5      | Killed from afar by an orc priest

Illustrated notes

Levels and vault maps discovered:
D:1:      lemuel_arrival_cross, layout_basic, minmay_tetromino_i2
D:2:      layout_basic, uniq_jessica
D:3:      layout_rooms, minivault_14, kennysheep_cluttered_room
D:4:      minmay_recursive_quarters, layout_basic,
          nicolae_qazlal_general_emergency, tso_metal_star,
          nicolae_ossuary_entry_false_entrances, hangedman_decor_peaks_small,
          uniq_natasha
D:5:      layout_loops_corners, grunt_dithmenos_smoke,
          minmay_a_box_with_orc_wizards_in_it, uniq_crazy_yiuf_cottage,
          uniq_eustachio
D:6:      layout_cave_pools, minmay_temple_entry_stoned_glass

Skill      XL: |  1  2  3  4  5  6  7 |
---------------+----------------------+-----
Earth Magic    | 4 5 |  5.2
Conjurations   | 3 4 5 |  5.0
Ice Magic      | 3 6 |  6.3
Dodging        | |  2.4
Stealth        | |  1.4
Spellcasting   | |  2.6
Transmutations | |  1.2

Action                   |  1- 3 |  4- 6 |  7- 9 || total
-------------------------+-------+-------+-------++-------
 Cast: Sandblast         |    20 |    71 |    30 ||   121
       Stone Arrow       |       |     4 |     3 ||     7
       Passwall          |       |       |     1 ||     1
  Use: Scroll            |       |     3 |       ||     3
Armor: Robe              |     6 |    34 |     4 ||    44
Dodge: Dodged            |     7 |    43 |     6 ||    56
